AoeStats
← Guru8722

Highland

505068143Analyzed
4v4 RM · 24d ago on Sep 7, 2026· 59m 34s· 8 players
Game mode
Random Map
Map size
Large (8 player)
Population
200
Speed
Normal
Resources
Standard
Victory
Conquest
Starting age
Dark Age
Ending age
Imperial Age
RankedLock teamsTeams togetherTeam positionsShared explorationLock speedFull tech treeHidden civsTurbo modeCheats
Victory
Defeat
🇦🇹 Chinese · Austria
1065
+13
🇲🇽 Jurchens · Mexico
1008
+15
🇵🇪 Saracens · Peru
986
+16
🇲🇽 Byzantines · Mexico
981
+16
🇺🇸 Magyars · United States
1047
-18
🇺🇸 Vietnamese · United States
980
-15
🇺🇸 Wei · United States
965
-14
🇺🇸 Slavs · United States
947
-13
NWGHOST7888
10:02 Feudal Age
12:14 Forging
12:10 Scale Barding Armor
12:47 Bloodlines
12:43 Loom
27:18 Castle Age
26:46 Double-Bit Axe
27:42 Stone Mining
27:35 Horse Collar
28:56 Wheelbarrow
28:28 Heavy Plow
28:41 Bow Saw
32:17 Gold Mining
37:13 Hand Cart
37:58 Gold Shaft Mining
46:14 Imperial Age
45:48 Chain Barding Armor
46:17 Fortified Wall
46:19 Masonry
47:06 Iron Casting
46:36 Husbandry
46:45 Elite Iron Pagoda
48:23 Plate Barding Armor
48:48 Blast Furnace
49:11 Conscription
Chuky Ⓤ
0:42 Loom
17:17 Feudal Age
17:52 Double-Bit Axe
18:01 Horse Collar
22:45 Wheelbarrow
22:22 Gold Mining
22:25 Stone Mining
25:26 Castle Age
25:34 Bloodlines
34:49 Heavy Plow
35:20 Bow Saw
36:11 Gold Shaft Mining
37:33 Caravan
40:38 Imperial Age
37:55 Town Watch
38:48 Hand Cart
39:07 Town Patrol
39:15 Husbandry
40:38 Elite Mameluke
41:43 Conscription
42:41 Two-Man Saw
44:23 Hoardings
45:08 Forging
44:48 Fletching
44:59 Padded Archer Armor
44:59 Scale Mail Armor
45:04 Scale Barding Armor
46:07 Ballistics
46:45 Iron Casting
46:23 Murder Holes
46:38 Bodkin Arrow
47:15 Leather Archer Armor
46:49 Light Cavalry
48:04 Siege Engineers
48:23 Hussar
50:39 Blast Furnace
51:28 Chain Barding Armor
51:23 Chain Mail Armor
51:38 Ring Archer Armor
51:04 Bodkin Arrow
55:07 Plate Mail Armor
55:13 Plate Barding Armor
56:48 Bracer
carloslicear
9:24 Loom
11:41 Feudal Age
12:15 Double-Bit Axe
16:37 Fletching
19:12 Fishing Lines
23:46 Castle Age
26:54 Medium Warships
28:43 Wheelbarrow
31:33 Imperial Age
29:45 Bodkin Arrow
31:41 Hand Cart
32:42 Conscription
32:39 Horse Collar
35:59 Greek Fire
39:03 Scale Barding Armor
39:55 Ballistics
40:53 Forging
41:22 Caravan
43:16 Husbandry
43:51 Heavy Warships
43:51 Chain Barding Armor
45:00 Heavy Plow
46:25 Chemistry
46:59 Plate Barding Armor
46:49 Logistica
49:48 Bombard Tower
49:22 Light Cavalry
54:30 Elite Cataphract
GabberGandalf
0:27 Loom
11:38 Feudal Age
15:26 Stone Mining
19:58 Castle Age
17:54 Gold Mining
18:11 Double-Bit Axe
18:43 Fletching
18:48 Horse Collar
21:02 Wheelbarrow
21:43 Gold Shaft Mining
20:52 Demolition Ship
21:57 Medium Warships
25:57 Heavy Plow
27:47 Fishing Lines
29:12 Bow Saw
31:38 Hand Cart
31:34 Light Cavalry
36:53 Imperial Age
36:39 Bloodlines
38:51 Conscription
40:41 Scale Barding Armor
40:47 Forging
40:48 Husbandry
40:53 Elite Fire Lancer
43:37 Chain Barding Armor
43:20 Scale Mail Armor
43:56 Iron Casting
43:17 Bodkin Arrow
44:18 Town Watch
44:21 Elite Skirmisher
45:58 Chain Mail Armor
45:39 Bodkin Arrow
45:56 Thumb Ring
47:11 Stone Shaft Mining
46:34 Cavalier
47:30 Heavy Rocket Cart
50:00 Great Wall
53:03 Rocketry
53:13 Bracer
53:15 Padded Archer Armor
59:53 Two-Man Saw
61:14 Blast Furnace
MrMeme315
3:08 Loom
11:19 Feudal Age
12:42 Double-Bit Axe
23:40 Castle Age
22:01 Forging
21:56 Scale Barding Armor
25:08 Husbandry
29:43 Bow Saw
34:07 Horse Collar
34:27 Gold Mining
36:59 Iron Casting
36:44 Chain Barding Armor
37:37 Wheelbarrow
36:49 Town Watch
38:14 Chain Barding Armor
37:45 Fletching
40:20 Detinets
41:57 Ballistics
41:33 Murder Holes
41:37 Bodkin Arrow
44:15 Bloodlines
53:03 Imperial Age
Guru8722
6:54 Loom
10:20 Feudal Age
10:48 Double-Bit Axe
25:15 Castle Age
23:15 Fletching
24:35 Horse Collar
24:48 Gold Mining
26:18 Bow Saw
28:26 Careening
30:45 Wheelbarrow
30:51 Heavy Plow
34:29 Imperial Age
32:02 Crossbowman
34:07 Hand Cart
35:08 Bodkin Arrow
35:38 Ballistics
37:14 Chemistry
38:02 Siege Engineers
40:22 Bracer
41:01 Padded Archer Armor
48:21 Murder Holes
51:08 Hoardings
51:19 Paper Money
53:31 Leather Archer Armor
53:12 Heated Shot
55:58 Thumb Ring
55:14 Elite Skirmisher
55:58 Imperial Skirmisher
Sanji-San
6:50 Loom
7:36 Loom
10:08 Feudal Age
10:35 Double-Bit Axe
10:35 Horse Collar
14:56 Gold Mining
21:03 Castle Age
22:19 Bow Saw
22:54 Bloodlines
25:17 Fletching
27:03 Bodkin Arrow
28:57 Gold Mining
29:50 Wheelbarrow
30:01 Heavy Plow
31:28 Hand Cart
31:34 Town Watch
31:56 Stone Mining
39:16 Imperial Age
37:57 Thumb Ring
39:42 Padded Archer Armor
40:22 Ballistics
40:49 Parthian Tactics
41:32 Bracer
42:35 Leather Archer Armor
43:22 Chemistry
43:22 Husbandry
44:03 Conscription
44:09 Ming Guang Armor
44:22 Tuntian
50:20 Ring Archer Armor
50:52 Caravan
55:13 Murder Holes
sksarthak
6:20 Loom
9:03 Feudal Age
9:32 Double-Bit Axe
10:44 Horse Collar
16:25 Wheelbarrow
20:11 Castle Age
20:20 Bloodlines
20:18 Scale Barding Armor
21:43 Heavy Plow
23:46 Chain Barding Armor
34:23 Imperial Age
33:09 Fletching
34:53 Husbandry
35:29 Conscription
34:48 Demolition Ship
42:28 Chemistry
41:34 Siege Engineers
41:50 Ballistics
41:26 Murder Holes
41:42 Masonry
41:30 Murder Holes
41:35 Bodkin Arrow
42:17 Plate Barding Armor
41:44 Padded Archer Armor
41:57 Onager
42:54 Cavalier
47:57 Bracer
49:21 Pikeman
49:47 Arson
52:11 Conscription
Connection lost

Rejoining the realm…

Still unreachable

The connection could not be restored.

Session expired

The server has moved on; the page needs a fresh start.